 Dungeon Crawl Stone Soup version 0.19-a0-1792-g28b16ba (webtiles) character file.

2013 4thArraOfDagon the Grappler (level 9, -1/80 HPs)
             Began as a Troll Wanderer on Oct 4, 2016.
             Was an Initiate of Qazlal.
             Slain by a wolf (5 damage)
             ... on level 9 of the Dungeon.
             The game lasted 00:07:39 (1704 turns).

4thArraOfDagon the Grappler (Troll Wanderer)        Turns: 1704, Time: 00:07:40

Health: -1/80      AC:  7    Str: 20    XL:     9   Next: 2%
Magic:  9/9        EV: 11    Int: 16    God:    Qazlal [......]
Gold:   167        SH:  0    Dex:  9    Spells: 3 memorised, 3 levels left

rFire  . . .     SeeInvis .       - Unarmed
rCold  . . .     Gourm    +     d - +0 robe
rNeg   . . .     Faith    .     (no shield)
rPois  .         Spirit   .     (helmet restricted)
rElec  .         Dismiss  .     j - +1 cloak
rCorr  .         Reflect  .     (gloves unavailable)
MR     +....     Harm     .     (boots unavailable)
Stlth  +.........               (no amulet)
                                s - ring of protection from magic
                                m - +3 ring of intelligence

@: repel missiles
A: unfitting armour, claws 3, fast metabolism 3, gourmand, regeneration 1,
shaggy fur 1, tough skin 2
a: Renounce Religion


You were on level 9 of the Dungeon.
You worshipped Qazlal.
Qazlal was noncommittal.
You were very full.

You visited 1 branch of the dungeon, and saw 9 of its levels.

You collected 167 gold pieces.

Inventory:

Hand Weapons
 t - a +0 giant spiked club
Armour
 d - a +0 robe (worn)
 j - a +1 cloak (worn)
Jewellery
 m - a +3 ring of intelligence (left claw)
 s - a ring of protection from magic (right claw)
Scrolls
 e - a scroll of blinking
 i - a scroll of identify
 k - a scroll of amnesia
 q - a scroll of immolation
 r - a scroll of remove curse
Potions
 p - a potion of degeneration
Comestibles
 f - 3 bread rations
 g - a meat ration


   Skills:
 + Level 2.6 Fighting
 - Level 1.0 Throwing
 + Level 4.2 Dodging
   Level 1.0 Shields
 * Level 10.3 Unarmed Combat
 - Level 1.2 Spellcasting
 - Level 1.0 Necromancy
 + Level 2.6 Invocations


You had 3 spell levels left.
You knew the following spells:

 Your Spells              Type           Power        Failure   Level  Hunger
a - Blink                 Tloc           N/A          38%         2    ###....
b - Repel Missiles        Chrm/Air       #.....       38%         2    ###....
c - Regeneration          Chrm/Necr      #.........   65%         3    ####...


Dungeon Overview and Level Annotations

Branches:
Dungeon (9/15)
 Temple: D:4-7         Lair: D:8-11         Orc: D:9-12

Altars:
Dithmenos
Hepliaklqana
Kikubaaqudgha
Nemelex Xobeh
Qazlal
Sif Muna
Trog
Xom
The Shining One

Shops:
D:5 }

Annotations:
D:3 4thArraOfDagon's ghost, weakling TrWn; Terence
D:7 Joseph


Innate Abilities, Weirdness & Mutations

You are too large for most types of armour.
You have claws for hands.
Your metabolism is lightning-fast.
You like to eat raw meat.
Your natural rate of healing is unusually fast.
You are covered in fur. (AC +1)
You have very tough skin. (AC +2)


Message History

Unknown command.
Unknown command.
You closely miss the wolf.
The wolf is moderately wounded.
The wolf bites you.
* * * LOW HITPOINT WARNING * * *
The wolf barely misses you.
Unknown command.
Unknown command.
You closely miss the wolf.
The wolf is moderately wounded.
The wolf bites you.
* * * LOW HITPOINT WARNING * * *
Unknown command.
Unknown command.
Unknown command.
You barely miss the wolf.
The wolf is moderately wounded.
The wolf bites you.
You die...

### ### #.#####.#
........# ....(.#.#
.÷###.#.#############
......#.........@hh.#
..#...#############.#
.<#.#.# #†# ..#.#.#
#h# #.#.#.# #.# #.#
#.### #.# #...# ..#
#...# ... #...#


You could see a wolf and a hound.

Vanquished Creatures
  A troll (D:9)
  A hippogriff (D:9)
  Menkaure (D:7)
  An ice beast (D:9)
  A wolf (D:9)
  2 black bears
  2 ogres
  A phantom (D:7)
  A centaur (D:5)
  2 bullfrogs
  A howler monkey (D:5)
  3 crimson imps
  A bullfrog zombie (D:7)
  A jelly (D:7)
  A quasit (D:8)
  4 hounds
  2 bullfrog skeletons (D:5)
  An iguana (D:5)
  5 worker ants
  2 hound zombies (D:5)
  A howler monkey zombie (D:6)
  7 adders
  2 gnolls (D:5)
  An ooze (D:5)
  An adder skeleton (D:5)
  2 leopard geckos
  2 orcs (D:5)
  A ball python (D:2)
  2 bats (D:3)
  2 giant cockroaches
  A hobgoblin (D:2)
  3 jackals (D:5)
  2 quokkas
  A quokka zombie (D:5)
62 creatures vanquished.

Notes
Turn   | Place    | Note
-------+----------+-------------------------------------------
     0 | D:1      | 4thArraOfDagon the Troll Wanderer began the quest for the Orb.
     0 | D:1      | 4thArraOfDagon set off with: a book of Minor Magic, Kikubaaqudgha's Almanac of Unholy Secrets, a potion of lignification, a +0 robe, a +0 club, 2 bread rations
     0 | D:1      | Reached XP level 1. HP: 19/19 MP: 1/1
     0 | D:1      | Identified Kikubaaqudgha's Almanac of Unholy Secrets
   197 | D:2      | Reached skill level 1 in Unarmed Combat
   197 | D:2      | Reached XP level 2. HP: 17/27 MP: 2/2
   206 | D:2      | Reached skill level 2 in Unarmed Combat
   284 | D:3      | Noticed 4thArraOfDagon's ghost (weakling TrWn)
   285 | D:3      | Noticed Terence
   289 | D:3      | Noticed an ogre
   417 | D:5      | Entered Level 5 of the Dungeon
   455 | D:5      | Reached XP level 3. HP: 32/33 MP: 3/3
   462 | D:5      | Reached skill level 3 in Unarmed Combat
   490 | D:5      | Found a hazy altar of Hepliaklqana.
   491 | D:5      | Found a shimmering altar of Xom.
   491 | D:5      | Noticed a hungry ghost
   492 | D:5      | Noticed a spectral ugly thing
   492 | D:5      | Noticed a hungry ghost
   525 | D:5      | Reached XP level 4. HP: 33/41 MP: 4/4
   542 | D:5      | Reached skill level 4 in Unarmed Combat
   543 | D:5      | Found Zaullotz's Gadget Boutique.
   584 | D:5      | Reached XP level 5. HP: 48/48 MP: 5/5
   589 | D:5      | Reached skill level 5 in Unarmed Combat
   643 | D:5      | Noticed a centaur
   655 | D:5      | Killed a centaur
   655 | D:5      | Reached skill level 6 in Unarmed Combat
   655 | D:5      | Reached XP level 6. HP: 34/55 MP: 6/6
   739 | D:5      | Reached skill level 7 in Unarmed Combat
   878 | D:6      | Reached XP level 7. HP: 54/62 MP: 7/7
   995 | D:7      | Reached skill level 8 in Unarmed Combat
  1086 | D:7      | Noticed Menkaure
  1103 | D:7      | Killed Menkaure
  1103 | D:7      | Reached skill level 9 in Unarmed Combat
  1103 | D:7      | Reached XP level 8. HP: 35/70 MP: 8/8
  1135 | D:7      | Noticed Joseph
  1180 | D:6      | Found a glowing golden altar of the Shining One.
  1186 | D:6      | Found a stormy altar of Qazlal.
  1186 | D:6      | Found a shadowy altar of Dithmenos.
  1187 | D:6      | Found an ancient bone altar of Kikubaaqudgha.
  1188 | D:6      | Found a bloodstained altar of Trog.
  1190 | D:6      | Found a sparkling altar of Nemelex Xobeh.
  1191 | D:6      | Found a deep blue altar of Sif Muna.
  1194 | D:6      | Became a worshipper of Qazlal Stormbringer
  1232 | D:7      | Noticed a hippogriff
  1260 | D:8      | Learned a level 2 spell: Blink
  1263 | D:8      | Learned a level 2 spell: Repel Missiles
  1267 | D:8      | Learned a level 3 spell: Regeneration
  1396 | D:9      | Reached skill level 1 in Invocations
  1472 | D:9      | Noticed a troll
  1532 | D:9      | Killed a troll
  1597 | D:9      | Reached skill level 10 in Unarmed Combat
  1601 | D:8      | Noticed a hippogriff
  1611 | D:9      | Killed a hippogriff
  1695 | D:9      | Reached XP level 9. HP: 15/80 MP: 9/9
  1703 | D:9      | HP: 3/80 [wolf (4)]
  1704 | D:9      | Slain by a wolf

Vault maps used:
D:1:      dpeg_arrival_rooms_c, serial_bayou_lagoon_b
D:3:      hangedman_decor_opposing, roderic_lattice_a, nicolae_ru_awakened_eye,
          uniq_jessica, uniq_terence
D:4:      grunt_gozag_breadcrumbs, first_bread
D:5:      regret_index_temple_of_mockery, serial_shops, nicolae_shop_crystal,
          grunt_ministairs_13, kennysheep_generic_room_2
D:6:      minitemple, minivault_26
D:7:      serial_bayou, serial_bayou_pond_a, serial_bayou_pond_d,
          serial_bayou_pond_e, serial_bayou_shore_b, uniq_menkaure, uniq_joseph
D:8:      kennysheep_mini
D:9:      erik_lair_island, serial_shops, shop, david_nohive_1

Skill      XL: |  1  2  3  4  5  6  7  8 |
---------------+-------------------------+-----
Unarmed Combat | 1 2 3 4 6 7 9 10 | 10.3
Invocations    | 2 |  2.6
Fighting       | 2 |  2.6
Dodging        | 4 |  4.2
Throwing       | |  1.0
Shields        | |  1.0
Spellcasting   | |  1.2
Necromancy     | |  1.0

Action                   |  1- 3 |  4- 6 |  7- 9 || total
-------------------------+-------+-------+-------++-------
Melee: Unarmed           |    51 |   106 |   130 ||   287
       Punch             |       |     3 |     3 ||     6
 Cast: Repel Missiles    |       |       |     1 ||     1
  Use: Potion            |     1 |       |     3 ||     4
       Scroll            |       |       |     9 ||     9
  Eat: Chunk             |     6 |     7 |     8 ||    21
Armor: Robe              |    25 |    31 |    58 ||   114
       Skin              |       |       |     4 ||     4
Dodge: Dodged            |    39 |    67 |    54 ||   160
